 Dungeon Crawl Stone Soup version 0.26.1-11-gd32895ea62 (webtiles) character file.

Game seed: 2523495289488218550

114 Almogavar the Stinger (level 4, -3/27 HPs)
             Began as an Octopode Venom Mage on May 13, 2021.
             Killed by nerve-wracking pain
             ... invoked by Grinder
              (13 damage)
             ... on level 2 of the Dungeon.
             The game lasted 00:09:42 (2264 turns).

Almogavar the Stinger (Octopode Venom Mage)         Turns: 2264, Time: 00:09:43

Health: -3/27      AC:  5    Str:  7    XL:     4   Next: 98%
Magic:  7/17       EV: 13    Int: 18    God:
Gold:   97         SH:  0    Dex: 12    Spells: 6/9 levels left

rFire    x . .     SeeInvis .   (no weapon)
rCold    + . .     Faith    .   (no shield)
rNeg     . . .     Spirit   .   (helmet restricted)
rPois    .         Reflect  .   (no amulet)
rElec    .         Harm     .   b - ring of magical power
rCorr    .         Rampage  .   h - +4 ring of protection (curse)
Will     .....                  i - ring of ice
Stlth    +++.......             (no ring)
HPRegen  0.09/turn              (no ring)
MPRegen  0.15/turn              (no ring)
                                (no ring)
                                (no ring)

@: no status effects
A: almost no armour, stealthy swim, amphibious, 8 rings, constrict 8, camouflage
1, gelatinous body 1
a: no special abilities


You were on level 2 of the Dungeon.
You visited 1 branch of the dungeon, and saw 3 of its levels.

You collected 97 gold pieces.

Inventory:

Hand Weapons
 a - a +0 dagger
Jewellery
 b - a ring of magical power (left tentacle)
 h - a cursed +4 ring of protection (right tentacle)
 i - a ring of ice (on tentacle)
Scrolls
 c - 2 scrolls of random uselessness {unknown}
 e - 2 scrolls of blinking {unknown}
 f - a scroll of remove curse {unknown}
 j - a scroll of enchant weapon {unknown}
Potions
 d - a potion of brilliance
 g - 2 potions of degeneration {unknown}


   Skills:
 + Level 0.1 Fighting
 + Level 2.3 Dodging
 + Level 3.1 Stealth
 + Level 3.0 Spellcasting
 + Level 2.1 Transmutations
 + Level 4.8 Poison Magic


You had 6 spell levels left.
You knew the following spells:

 Your Spells              Type           Power        Failure   Level
a - Sting                 Tmut/Pois      60%          3%          1
b - Poisonous Vapours     Pois/Air       22%          9%          2

Your spell library contained the following spells:

 Spells                   Type           Power        Failure   Level
 Ignite Poison            Fire/Tmut/Pois 11%          19%         3
 Olgreb's Toxic Radiance  Pois           20%          22%         4
 Mephitic Cloud           Conj/Pois/Air  8%           26%         3


Dungeon Overview and Level Annotations

Branches:
Dungeon (3/15)

Altars:

Annotations:
D:2 Grinder


Innate Abilities, Weirdness & Mutations

You cannot wear most types of armour.
You are very stealthy in the water. (Stealth+)
You are amphibious.
You can wear up to eight rings at the same time.
You can use your tentacles to constrict eight enemies at once.
Your skin changes colour to match your surroundings (Stealth+).
Your rubbery body absorbs attacks. (AC +1, EV +1)


Message History

The sting misses Grinder.
Grinder barely misses you. Grinder gestures at you.
Pain shoots through your body!
Casting: Sting (safe; 3% risk of failure)
Confirm with . or Enter, or press ? or * to list all spells.
Aiming: Sting (safe; 3% risk of failure)
Press: ? - help, Shift-Dir - straight line, f/p - Grinder
Aim: Grinder (severely wounded, very poisoned, 29% to evade)
The sting hits Grinder.
Grinder partially resists.
Grinder looks as sick as possible!
Grinder is severely wounded.
Casting: Sting (safe; 3% risk of failure)
Confirm with . or Enter, or press ? or * to list all spells.
Aiming: Sting (safe; 3% risk of failure)
Press: ? - help, Shift-Dir - straight line, f/p - Grinder
Aim: Grinder (severely wounded, extremely poisoned, 29% to evade)
Okay, then.
Grinder gestures at you. Pain shoots through your body!
You die...

.....##.##.......## ##.###)####.
.....##.#.........####...##.####.
........'.........'.....)....รท(..
.#...##.#.........####....######.
.#...##.##.......## ##.#.# #.
.#.#.##.###.....## ###.# ##
........# ##...###### #.#
.#.#.#### ##'##..5.# #.# .....#
#.##@##.# #.# ##.### #.##.##.# #.#
##.#### ##.##.##>#####.#
......######...#.....<....#
..................#.#######
.......#####...#.##.# .......#
##.##....# ......## #########
......#


You could see Grinder (extremely poisoned).

Vanquished Creatures
  5 gnolls (D:2)
  An adder (D:2)
  2 worms (D:2)
  A dart slug (D:2)
  3 leopard geckos (D:2)
  A ball python (D:2)
  7 bats
  4 giant cockroaches
  3 goblins (D:1)
  3 hobgoblins
  A quokka (D:2)
  4 frilled lizards
  8 kobolds
  7 rats
50 creatures vanquished.

Notes
Turn   | Place    | Note
-------+----------+-------------------------------------------
     0 | D:1      | Almogavar the Octopode Venom Mage began the quest for the
                  | Orb.
     0 | D:1      | Reached XP level 1. HP: 11/11 MP: 3/3
   117 | D:1      | Reached skill level 4 in Poison Magic
   117 | D:1      | Reached XP level 2. HP: 17/17 MP: 3/5
   120 | D:1      | Learned a level 2 spell: Poisonous Vapours
   496 | D:1      | Reached XP level 3. HP: 20/21 MP: 2/6
  1082 | D:2      | Reached XP level 4. HP: 8/27 MP: 8/8
  2234 | D:3      | Noticed Grinder
  2264 | D:2      | Killed from afar by Grinder

Illustrated notes

Levels and vault maps discovered:
D:1:      noname_arrival_rooms_in_the_neighbourhood, layout_rooms
D:2:      layout_loops_corners
D:3:      layout_basic, uniq_grinder

Skill      XL: |  1  2  3  4 |
---------------+-------------+-----
Poison Magic   | 4 |  4.8
Stealth        | 3 |  3.1
Spellcasting   | 3 |  3.0
Transmutations | 2 |  2.1
Fighting       | |  0.1
Dodging        | |  2.3

Action                   |  1- 3 |  4- 6 || total
-------------------------+-------+-------++-------
 Cast: Sting             |    54 |    48 ||   102
  Use: Scroll            |     2 |       ||     2
Armor: Skin              |     2 |     1 ||     3
Dodge: Dodged            |    11 |     9 ||    20
